 Dungeon Crawl Stone Soup version 0.31-a0-4-gefa6de2278 (webtiles) character file.

Game seed: 6807986197863078246

3999 retardedninja the Magician (level 10, -6/74 HPs)
             Began as a Gnoll Fire Elementalist on May 4, 2023.
             Was a Believer of Cheibriados.
             Mangled by Grum
             ... wielding a +0 halberd of protection
              (22 damage)
             ... on level 8 of the Dungeon.
             The game lasted 00:15:49 (11149 turns).

retardedninja the Magician (GnFE)                  Turns: 11149, Time: 00:15:49

Health: -6/74      AC:  4    Str: 11    XL:     10   Next: 23%
Magic:  14/21      EV: 16    Int: 23    God:    Cheibriados [**....]
Gold:   391        SH:  0    Dex: 17    Spells: 13/23 levels left

rFire   . . .        s - +0 glaive
rCold   . . .        (shield currently unavailable)
rNeg    + . .        a - +0 robe
rPois   .            (no helmet)
rElec   .            B - +0 cloak
rCorr   .            (no gloves)
SInv    .            k - +0 pair of boots
Will    .....        y - amulet of magic regeneration
Stlth   ++++         C - ring of wizardry
HPRegen 0.32/turn    n - ring of positive energy
MPRegen 0.57/turn

%: wizardry (x1)
@: very slow
A: fangs 1, strong nose, distributed training
a: Renounce Religion, Bend Time


You were on level 8 of the Dungeon.
You worshipped Cheibriados.
Cheibriados was pleased with you.
You visited 2 branches of the dungeon, and saw 9 of its levels.

You collected 391 gold pieces.

Inventory:

Hand Weapons
 s - a +0 glaive (weapon)
Missiles
 j - a throwing net
Armour
 a - a +0 robe (worn)
 k - a +0 pair of boots (worn)
 B - a +0 cloak (worn)
Jewellery
 n - a ring of positive energy (right hand)
 y - an amulet of magic regeneration (around neck)
 C - a ring of wizardry (left hand)
 F - a +6 ring of strength
Wands
 o - a wand of flame (44)
 q - a wand of polymorph (5)
Scrolls
 d - a scroll of fog {unknown}
 e - 3 scrolls of vulnerability {unknown}
 g - 5 scrolls of teleportation
 h - 2 scrolls of identify {unknown}
 i - a scroll of enchant weapon {unknown}
 v - 2 scrolls of magic mapping {unknown}
 x - a scroll of enchant armour {unknown}
 z - 2 scrolls of blinking {unknown}
 A - a scroll of immolation {unknown}
 E - a scroll of brand weapon {unknown}
Potions
 b - a potion of magic
 c - 2 potions of degeneration {unknown}
 f - 3 potions of flight {unknown}
 l - 3 potions of attraction {unknown}
 m - 3 potions of brilliance {unknown}
 p - 3 potions of curing {unknown}
 r - a potion of cancellation {unknown}
 t - a potion of resistance {unknown}
 u - 2 potions of mutation {unknown}
 w - 2 potions of heal wounds {unknown}


   Skills:
 + Level 5.2 Fighting
 + Level 5.2 Short Blades
 + Level 5.2 Long Blades
 + Level 5.2 Axes
 + Level 5.2 Maces & Flails
 + Level 5.2 Polearms
 + Level 5.2 Staves
 + Level 5.2 Ranged Weapons
 + Level 5.2 Throwing
 + Level 5.2 Armour
 + Level 7.1 Dodging
 + Level 6.8 Stealth
 + Level 5.2 Shields
 + Level 5.2 Unarmed Combat
 + Level 7.3 Spellcasting
 + Level 4.9 Conjurations
 + Level 4.3 Hexes
 + Level 4.3 Summonings
 + Level 4.3 Necromancy
 + Level 4.3 Translocations
 + Level 4.3 Transmutations
 + Level 7.1 Fire Magic
 + Level 4.3 Ice Magic
 + Level 4.3 Air Magic
 + Level 4.3 Earth Magic
 + Level 4.3 Poison Magic
 + Level 5.8 Invocations
 + Level 5.2 Evocations


You had 13 spell levels left.
You knew the following spells:

 Your Spells              Type           Power      Damage    Failure   Level
a - Foxfire               Conj/Fire      100%       2x1d9     1%          1
b - Scorch                Fire           82%        2d8       1%          2
c - Flame Wave            Conj/Fire      36%        2d10      2%          4
d - Inner Flame           Hex/Fire       34%        N/A       1%          3

Your spell library contained the following spells:

 Spells                   Type           Power      Damage    Failure   Level
 Tukima's Dance           Hex            28%        N/A       1%          3
 Vhi's Electric Charge    Tloc/Air       56%        N/A       1%          3
 Volatile Blastmotes      Fire/Tloc      68%        2d15      1%          3
 Olgreb's Toxic Radiance  Pois           28%        N/A       4%          4
 Passage of Golubria      Tloc           28%        N/A       4%          4
 Arcjolt                  Conj/Air       14%        1d24      12%         5
 Yara's Violent Unravell  Hex/Tmut       14%        3d7       14%         5
 Plasma Beam              Fire/Air       17%        2x1d31    38%         6
 Discord                  Hex            14%        N/A       100%        8
 Ignition                 Fire           20%        3d7       100%        8


Dungeon Overview and Level Annotations

Branches:
Dungeon (8/15)             Temple (1/1) D:6
   Lair: D:8-11

Altars:
Ashenzari
Cheibriados
Dithmenos
Elyvilon
Fedhas
Gozag
Hepliaklqana
Kikubaaqudgha
Makhleb
Nemelex Xobeh
Okawaru
Qazlal
Ru
Trog
Uskayaw
Vehumet
Wu Jian
Xom
Yredelemnul
Zin
The Shining One

Shops:
D:5 ?   D:7 **(

Annotations:
D:8 Grum


Innate Abilities, Weirdness & Mutations

You have very sharp teeth.
Your uncanny sense of smell can sniff out nearby items.
Your experience applies equally to all skills.


Message History

Cheibriados appreciates the change of pace.
Cheibriados raises the support of your attributes as your movement slows.
The now-empty wand crumbles to dust.
You hear a shout! x2
The wyvern closely misses you. The wyvern misses you.
Unknown command.
Unknown command.
Unknown command.
Casting: Foxfire (safe; 1% risk of failure)
Confirm with . or Enter, or press ? or * to list all spells.
You conjure some foxfire!
The wyvern barely misses you.
Casting: Foxfire (safe; 1% risk of failure)
Confirm with . or Enter, or press ? or * to list all spells.
Flames lash Grum.
Grum is lightly wounded.
Grum's fire resistance burns away.
The foxfire hits Grum.
Grum is burned terribly!
Grum is moderately wounded.
The foxfire hits the wyvern but does no damage.
The wyvern is almost dead.
The wyvern bites you. The wyvern bites you!
Grum hits you from afar with a +0 halberd of protection!!
Casting: Scorch (safe; 1% risk of failure)
Confirm with . or Enter, or press ? or * to list all spells.
Flames lash Grum but do no damage.
The wyvern completely misses you. Grum barely misses you.
Unknown command.
Casting: Scorch (safe; 1% risk of failure)
Confirm with . or Enter, or press ? or * to list all spells.
Flames lash the wyvern.
You kill the wyvern!
Cheibriados thoroughly appreciates the change of pace.
Grum hits you from afar with a +0 halberd of protection!!
* * * LOW HITPOINT WARNING * * *
Casting: Scorch (safe; 1% risk of failure)
Confirm with . or Enter, or press ? or * to list all spells.
Flames lash Grum.
Grum is burned terribly!
Grum is moderately wounded.
Grum hits you from afar with a +0 halberd of protection!!
You die...

.. .# ## ..## ..##
..###...# .......
#g... #. #†.# ##..
#@.# ###..# ##.##
###....## #..#
.....#..# #..#
........## ####.##
.........###....#
............>.#..#
...........#####.#
..#####...## ..#


You could see Grum (combustible).

Vanquished Creatures
  Pikel (D:5)
  Grinder (D:5)
  A hornet (D:7)
  Sigmund (D:6)
  3 wyverns
  2 vampire mosquitoes (D:7)
  A steam dragon (D:7)
  2 water moccasins (D:7)
  A sky beast (D:7)
  Duvessa (D:5)
  3 wolves (D:8)
  A centaur (D:7)
  A lemure (D:5)
  A kobold brigand (D:7)
  6 bullfrogs
  2 scorpions (D:5)
  3 wights (D:7)
  Dowan (D:5)
  A vampire bat (D:7)
  3 hounds
  3 jellies
  An orc priest (D:7)
  Terence (D:2)
  Natasha (thrice) (D:2)
  2 iguanas (D:6)
  2 orc wizards
  5 adders
  6 gnolls
  A shadow imp (D:6)
  An ufetubus (D:5)
  4 worms
  6 dart slugs
  27 orcs
  8 bats
  9 endoplasms
  3 giant cockroaches
  4 hobgoblins
  A quokka (D:1)
  2 ball pythons
  4 frilled lizards
  7 goblins
  8 kobolds
  8 rats
152 creatures vanquished.

Vanquished Creatures (collateral kills)
  6 foxfires
6 creatures vanquished.

Vanquished Creatures (others)
  584 foxfires
  A plant (D:2)
585 creatures vanquished.

Grand Total: 743 creatures vanquished

Notes
Turn   | Place    | Note
-------+----------+-------------------------------------------
     0 | D:1      | retardedninja the Gnoll Fire Elementalist began the quest
                  | for the Orb.
     0 | D:1      | Reached XP level 1. HP: 13/13 MP: 6/6
   428 | D:1      | Found a faded altar of an unknown god.
   503 | D:1      | Reached XP level 2. HP: 20/20 MP: 1/7
   506 | D:1      | Learned a level 2 spell: Scorch
  1395 | D:1      | Reached skill level 5 in Spellcasting
  1395 | D:1      | Reached XP level 3. HP: 25/25 MP: 6/9
  1880 | D:2      | Reached skill level 1 in Invocations
  1914 | D:2      | Noticed Natasha
  1917 | D:2      | Killed Natasha
  1918 | D:2      | Reached skill level 1 in Fighting
  1918 | D:2      | Reached skill level 1 in Short Blades
  1918 | D:2      | Reached skill level 1 in Long Blades
  1918 | D:2      | Reached skill level 1 in Axes
  1918 | D:2      | Reached skill level 1 in Maces & Flails
  1918 | D:2      | Reached skill level 1 in Polearms
  1918 | D:2      | Reached skill level 1 in Staves
  1918 | D:2      | Reached skill level 1 in Ranged Weapons
  1918 | D:2      | Reached skill level 1 in Throwing
  1918 | D:2      | Reached skill level 1 in Armour
  1918 | D:2      | Reached skill level 1 in Shields
  1918 | D:2      | Reached skill level 1 in Unarmed Combat
  1918 | D:2      | Reached skill level 1 in Evocations
  1918 | D:2      | Reached XP level 4. HP: 32/32 MP: 7/11
  2280 | D:2      | Found a burning altar of Makhleb.
  2293 | D:2      | Reached skill level 1 in Hexes
  2293 | D:2      | Reached skill level 1 in Summonings
  2293 | D:2      | Reached skill level 1 in Necromancy
  2293 | D:2      | Reached skill level 1 in Translocations
  2293 | D:2      | Reached skill level 1 in Transmutations
  2293 | D:2      | Reached skill level 1 in Ice Magic
  2293 | D:2      | Reached skill level 1 in Air Magic
  2293 | D:2      | Reached skill level 1 in Earth Magic
  2293 | D:2      | Reached skill level 1 in Poison Magic
  2565 | D:2      | Noticed Natasha
  2575 | D:2      | Killed Natasha
  2744 | D:2      | Reached XP level 5. HP: 37/37 MP: 9/12
  2780 | D:2      | Noticed Terence
  2788 | D:2      | Killed Terence
  3156 | D:2      | Noticed Natasha
  3162 | D:2      | Killed Natasha
  3527 | D:3      | Learned a level 4 spell: Flame Wave
  3531 | D:3      | Learned a level 3 spell: Inner Flame
  3791 | D:3      | You fall into a shaft and drop 2 floors!
  3791 | D:5      | Entered Level 5 of the Dungeon
  4765 | D:4      | Reached XP level 6. HP: 37/44 MP: 1/14
  4996 | D:4      | Reached skill level 5 in Dodging
  5446 | D:5      | Found a broken altar of Ashenzari.
  5446 | D:5      | Found a shimmering altar of Xom.
  5851 | D:5      | Noticed Grinder
  5865 | D:5      | Paralysed by Grinder for 5 turns
  5871 | D:5      | Killed Grinder
  5872 | D:5      | Reached XP level 7. HP: 47/51 MP: 0/15
  6117 | D:5      | Noticed Pikel
  6124 | D:5      | Killed Pikel
  6125 | D:5      | Reached skill level 5 in Stealth
  6125 | D:5      | Reached XP level 8. HP: 52/58 MP: 13/17
  6398 | D:5      | Noticed Duvessa
  6403 | D:5      | Noticed Dowan
  6413 | D:5      | Killed Duvessa
  6418 | D:5      | Killed Dowan
  6972 | D:5      | Found a hazy altar of Hepliaklqana.
  7033 | D:5      | Found Deurghiar's Magic Scroll Shoppe.
  7248 | D:6      | Noticed Sigmund
  7257 | D:6      | Killed Sigmund
  7370 | D:6      | Found a staircase to the Ecumenical Temple.
  7457 | Temple   | Entered the Ecumenical Temple
  7464 | Temple   | Became a worshipper of Cheibriados the Contemplative
  7564 | D:6      | Reached XP level 9. HP: 49/65 MP: 6/18
  8020 | D:6      | Found a stormy altar of Qazlal.
  8275 | D:7      | Found Xeluanen's General Store.
  8276 | D:7      | Found Honiubeg's General Store.
  8276 | D:7      | Found Veblyd Viost's Antique Weapon Shoppe.
  8922 | D:7      | Noticed a hornet
  8934 | D:7      | Killed a hornet
  8934 | D:7      | Reached * piety under Cheibriados
  8935 | D:7      | Reached skill level 5 in Invocations
 10145 | D:7      | Reached skill level 5 in Fighting
 10145 | D:7      | Reached skill level 5 in Short Blades
 10145 | D:7      | Reached skill level 5 in Long Blades
 10145 | D:7      | Reached skill level 5 in Axes
 10145 | D:7      | Reached skill level 5 in Maces & Flails
 10145 | D:7      | Reached skill level 5 in Polearms
 10145 | D:7      | Reached skill level 5 in Staves
 10145 | D:7      | Reached skill level 5 in Ranged Weapons
 10145 | D:7      | Reached skill level 5 in Throwing
 10145 | D:7      | Reached skill level 5 in Armour
 10145 | D:7      | Reached skill level 5 in Shields
 10145 | D:7      | Reached skill level 5 in Unarmed Combat
 10145 | D:7      | Reached skill level 5 in Evocations
 10145 | D:7      | Reached XP level 10. HP: 37/74 MP: 13/20
 11140 | D:8      | Noticed Grum
 11144 | D:8      | Reached ** piety under Cheibriados
 11149 | D:8      | Mangled by Grum

Illustrated notes

Levels and vault maps discovered:
D:1:      lightli_arrival_lavapool, layout_loops_ring,
          shapermc_ecumenical_altar_flowoftime
D:2:      layout_loops_ring, basic_altar, corexii_shack, uniq_natasha,
          uniq_terence
D:3:      layout_basic
D:4:      layout_rooms, minmay_hedge_maze
D:5:      layout_cave_pods, jmf_multi_god_temple, nzn_hepliaklqana_mist_gate,
          serial_shops, nicolae_shop_pleasant_corner_grove, nrook_campfire,
          uniq_duvessa, uniq_pikel, uniq_grinder
D:6:      layout_basic, nicolae_qazlal_eye_of_the_storm,
          minmay_temple_entry_overgrown, uniq_sigmund
D:7:      layout_basic, st_stairs_10, nicolae_shop_distant_corner_stores,
          roderic_batcave
D:8:      layout_layer_cave, erik_lair_orcish_takeover, minmay_evil_grid,
          uniq_grum
Temple:   sentei_temple_godly_chess

Skill      XL: |  1  2  3  4  5  6  7  8  9 10 |
---------------+-------------------------------+-----
Conjurations   | 2 3 4 |  4.9
Spellcasting   | 5 6 7 |  7.3
Invocations    | 1 2 3 4 5 |  5.8
Fighting       | 1 2 3 5 |  5.2
Short Blades   | 1 2 3 5 |  5.2
Long Blades    | 1 2 3 5 |  5.2
Axes           | 1 2 3 5 |  5.2
Maces & Flails | 1 2 3 5 |  5.2
Polearms       | 1 2 3 5 |  5.2
Staves         | 1 2 3 5 |  5.2
Ranged Weapons | 1 2 3 5 |  5.2
Throwing       | 1 2 3 5 |  5.2
Armour         | 1 2 3 5 |  5.2
Shields        | 1 2 3 5 |  5.2
Unarmed Combat | 1 2 3 5 |  5.2
Evocations     | 1 2 3 5 |  5.2
Hexes          | 1 2 3 4 |  4.3
Summonings     | 1 2 3 4 |  4.3
Necromancy     | 1 2 3 4 |  4.3
Translocations | 1 2 3 4 |  4.3
Transmutations | 1 2 3 4 |  4.3
Ice Magic      | 1 2 3 4 |  4.3
Air Magic      | 1 2 3 4 |  4.3
Earth Magic    | 1 2 3 4 |  4.3
Poison Magic   | 1 2 3 4 |  4.3
Dodging        | 5 6 7 |  7.1
Stealth        | 5 6 |  6.8
Fire Magic     | 6 7 |  7.1

Action                     |  1- 3 |  4- 6 |  7- 9 | 10-12 || total
---------------------------+-------+-------+-------+-------++-------
  Melee: Mace              |     3 |    10 |       |       ||    13
         Bite              |       |     6 |     2 |       ||     8
         Glaive            |       |    14 |     5 |       ||    19
   Cast: Foxfire           |    95 |   137 |   138 |    11 ||   381
         Scorch            |       |    28 |    55 |    14 ||    97
  Evoke: Wand              |       |     1 |    10 |     3 ||    14
    Use: Scroll            |       |       |     1 |       ||     1
   Stab: Invisible         |       |     1 |       |       ||     1
 Armour: Robe              |     4 |    10 |    23 |     2 ||    39
  Dodge: Dodged            |    14 |    66 |   114 |    17 ||   211

Table legend: (Time is in decaauts)
 A = Elapsed time spent in this place.
 B = Non-inter-level travel time spent in this place.
 C = Inter-level travel time spent in this place.
 D = Time resting spent in this place.
 E = Time spent auto-exploring this place.
 F = Levels seen in this place.
 G = Mean time per level.
                   A        B        C        D        E       F      G
               +--------+--------+--------+--------+--------+-----+--------+
         Total |  11708 |  11148 |    560 |   2588 |   7011 |   9 | 1300.9 |
       Dungeon |  11694 |  11134 |    560 |   2588 |   7009 |   8 | 1461.8 |
        Temple |     13 |     13 |      0 |      0 |      2 |   1 |   13.0 |
               +--------+--------+--------+--------+--------+-----+--------+

Top non-repeatable levels by time:
     D:7: 3108 daAuts
     D:5: 1858 daAuts
     D:1: 1634 daAuts
     D:2: 1616 daAuts
     D:6: 1403 daAuts
     D:3: 1169 daAuts
     D:4: 854 daAuts
     D:8: 49 daAuts
  Temple: 13 daAuts
